Map: Dusk Towers

Players

Peacemakers

  • Race: Terran Terran
  • League: Platinum

blackxored - Winner!

  • Race: Zerg Zerg
  • League: Platinum

VOD

Have the link to the VOD?

Description

Time

  • Played on: June 30, 2016, 7:30 a.m.
  • Length: 6:41
Show
View Real Time Build Order
Export as new Build Order

Peacemakers Terran 

Build Orders:  

Get SALT Encoding   

  12  0:00  SCV  
  13  0:13  SCV  
  14  0:21  Supply Depot  
  14  0:24  Refinery  
  14  0:27  SCV  
  15  0:43  SCV  
  16  0:50  Barracks  
  16  0:55  SCV  
  17  1:05  Barracks  
  17  1:09  SCV  
  18  1:23  Barracks  
  18  1:27  SCV  
  19  1:37  Reaper  
  20  1:44  Orbital Command  
  20  1:53  Reaper  
  21  1:59  Supply Depot  
  21  2:03  Refinery  
  21  2:09  Reaper  
  21  2:10  Reaper  
  23  2:21  SCV  
  24  2:25  Reaper  
  25  2:30  Supply Depot  
  25  2:33  SCV  
  26  2:41  Reaper  
  27  2:47  Reaper  
  28  3:01  Reaper  
  28  3:13  Reaper  
  28  3:17  SCV  
  28  3:19  Reaper  
  31  3:26  Command Center  
  31  3:28  Engineering Bay  
  31  3:29  Engineering Bay, SCV  
  31  3:33  Reaper  
  30  4:02  Reaper x2  
  30  4:05  Reaper, SCV  
  30  4:06  Terran Infantry Weapons Level 1  
  32  4:12  Supply Depot  
  32  4:17  SCV  
  33  4:42  SCV  
  33  4:43  Terran Infantry Armor Level 1  
  33  4:45  Barracks Tech Lab  
  34  4:46  Barracks Tech Lab  
  34  4:49  Barracks Tech Lab  
  34  4:55  SCV  
  34  4:56  Factory  
  34  4:58  Orbital Command  
  35  5:07  SCV  
  35  5:19  SCV  
  32  5:47  Barracks Reactor  
  32  5:48  SCV  
  33  5:58  Barracks  
  33  5:59  Barracks  
  33  6:01  Refinery, Barracks  
  33  6:04  Marine x2  
  33  6:08  Armory  
  35  6:16  Starport  
  35  6:18  SCV x2  
  37  6:21  Marine  
  37  6:22  Marine  
  37  6:24  Refinery  
  37  6:25  Factory Reactor  
Show
View Real Time Build Order
Export as new Build Order

blackxored Zerg - Winner!

Build Orders: Hatch First 

Get SALT Encoding   

  12  0:01  Drone  
  13  0:08  Drone  
  14  0:17  Overlord  
  14  0:22  Extractor  
  14  0:23  Drone  
  15  0:36  Drone x2  
  17  0:52  Hatchery  
  16  1:00  Drone  
  16  1:02  Drone  
  18  1:14  Extractor, Drone  
  18  1:17  Spawning Pool  
  17  1:20  Drone  
  18  1:28  Drone  
  19  1:39  Overlord  
  19  1:49  Drone  
  20  2:04  Zergling x2  
  20  2:05  Zergling x2, Queen x2  
  26  2:12  Drone  
  27  2:17  Drone  
  27  2:20  Metabolic Boost  
  28  2:24  Drone  
  29  2:33  Zergling x4  
  31  2:51  Zergling x6  
  33  2:56  Queen  
  33  2:57  Zergling x2  
  35  3:03  Pneumatized Carapace  
  34  3:15  Zergling x4  
  35  3:41  Baneling Nest  
  30  3:52  Zergling x12  
  34  4:02  Queen  
  32  4:06  Hatchery  
  32  4:08  Zergling x2  
  32  4:09  Zergling x6  
  35  4:16  Overlord x2  
  28  4:35  Zergling x2  
  28  4:36  Zergling x12  
  34  4:42  Queen x2  
  38  4:48  Zergling x4  
  40  4:57  Zergling x4  
  42  5:04  Zergling x4  
  42  5:05  Zergling x2  
  45  5:13  Zergling x4  
  45  5:14  Zergling x4  
  45  5:26  Zergling x2  
  45  5:27  Zergling x6  
  42  5:34  Zergling x2  
  42  5:35  Zergling x6  
  39  5:45  Zergling x6  
  42  5:52  Zergling x4  
  42  5:53  Zergling x2  
  42  5:56  Zergling x2  
  46  6:01  Zergling x4  
  48  6:05  Baneling x3  
  48  6:07  Baneling  
  48  6:08  Baneling  
  48  6:10  Baneling  
  48  6:11  Baneling  
  48  6:12  Baneling  
  48  6:14  Baneling  
  48  6:15  Baneling  
  48  6:20  Zergling x2  
  48  6:21  Zergling x2  
Tags
 
Add a new tag
Caveats
  • Supply blocks, unpowered buildings, or Contaminate may cause inaccurate times.
  • Supply counts are checked every 10 seconds.